 Dungeon Crawl Stone Soup version 0.31-a0-1611-g890cdf5628 (webtiles) character file.

Game seed: 8550553948562202546

452 bobo the Skirmisher (level 7, -2/56 HPs)
             Began as a Gnoll Hunter on Jan 9, 2024.
             Was a High Priest of Ignis.
             Slain by Pikel
             ... wielding a +2 whip of freezing
              (9 damage)
             ... on level 4 of the Dungeon.
             The game lasted 00:10:05 (3692 turns).

bobo the Skirmisher (Gnoll Hunter)                  Turns: 3692, Time: 00:10:05

Health: -2/56      AC:  4    Str: 10    XL:     7   Next: 5%
Magic:  10/10      EV: 14    Int:  8    God:    Ignis [*****.]
Gold:   210        SH:  0    Dex: 18    Spells: 10/10 levels left

rFire   + . .        s - +1 dagger (venom)
rCold   . . .        (no shield)
rNeg    . . .        c - +0 leather armour
rPois   .            (no helmet)
rElec   .            n - +0 cloak {rCorr}
rCorr   +            (no gloves)
SInv    .            (no boots)
Will    .....        (no amulet)
Stlth   ++           (no ring)
HPRegen 0.29/turn    (no ring)
MPRegen 0.12/turn

%: no passive effects
@: no status effects
A: fangs 1, strong nose, distributed training
a: Renounce Religion, Fiery Armour, Foxfire Swarm, Rising Flame


You were on level 4 of the Dungeon.
You worshipped Ignis.
Ignis was extremely pleased with you.
You visited 1 branch of the dungeon, and saw 4 of its levels.

You collected 223 gold pieces.
You spent 13 gold pieces at shops.

Inventory:

Hand Weapons
 a - a +0 shortbow
 m - a +2 quarterstaff of chaos
 o - the +12 hammer of Purpose {flame, ^Drain rPois rN+++ Int+3}
   (You found it on level 2 of the Dungeon)

   Int+3:     It affects your intelligence (+3).
   rPois:     It protects you from poison rN+++: It renders you almost immune to
   negative energy.
   ^Drain:    It drains your maximum health when unequipped.
 s - a +1 dagger of venom (weapon)
Armour
 c - a +0 leather armour (worn)
 n - a +0 cloak of preservation (worn)
Jewellery
 j - a +4 ring of protection
Wands
 g - a wand of polymorph (15)
 h - a wand of flame (22)
Scrolls
 d - 2 scrolls of fear {unknown}
 e - 6 scrolls of teleportation
 k - 4 scrolls of identify {unknown}
 p - a scroll of silence {unknown}
 q - a scroll of torment {unknown}
 r - a scroll of enchant weapon {unknown}
Potions
 f - a potion of enlightenment


   Skills:
 + Level 5.1 Fighting
 + Level 2.3 Short Blades
 + Level 2.3 Long Blades
 + Level 2.3 Axes
 + Level 2.3 Maces & Flails
 + Level 2.3 Polearms
 + Level 2.3 Staves
 + Level 8.9 Ranged Weapons
 + Level 2.3 Throwing
 + Level 2.3 Armour
 + Level 5.1 Dodging
 + Level 3.3 Stealth
 + Level 2.3 Shields
 + Level 2.3 Unarmed Combat
 + Level 2.3 Spellcasting
 + Level 1.9 Conjurations
 + Level 1.9 Hexes
 + Level 1.9 Summonings
 + Level 1.9 Necromancy
 + Level 1.9 Translocations
 + Level 1.9 Fire Magic
 + Level 1.9 Ice Magic
 + Level 1.9 Air Magic
 + Level 1.9 Earth Magic
 + Level 1.9 Alchemy
 + Level 2.5 Invocations
 + Level 2.3 Evocations
 + Level 2.1 Shapeshifting


You had 10 spell levels left.
You didn't know any spells.
Your spell library was empty.

Dungeon Overview and Level Annotations

Branches:
Dungeon (4/15)
 Temple: D:4-7

Altars:
Cheibriados
Nemelex Xobeh
Uskayaw
The Shining One
Ignis

Shops:
D:1 !:

Annotations:
D:4 Pikel


Innate Abilities, Weirdness & Mutations

You have very sharp teeth.
Your uncanny sense of smell can sniff out nearby items.
Your experience applies equally to all skills.


Message History

You shoot an arrow. The arrow misses Pikel.
Pikel shouts!
You shoot an arrow. The arrow misses Pikel.
You shoot an arrow. The arrow misses Pikel.
Pikel cracks his whip.
You shoot an arrow. The lemure shouts!
The arrow hits Pikel!
Pikel is lightly wounded.
You shoot an arrow.
The arrow hits Pikel but does no damage.
Pikel is lightly wounded.
You shoot an arrow.
The arrow hits Pikel but does no damage.
Pikel is lightly wounded.
Your +1 dagger of venom begins to drip with poison!
s - a +1 dagger of venom (weapon)
You hit Pikel but do no damage.
Pikel is poisoned.
Pikel is lightly wounded.
Pikel cracks his whip.
Pikel hits you with a +2 whip of freezing.
Pikel freezes you.
You hit Pikel but do no damage.
Pikel looks as sick as possible!
Pikel is lightly wounded.
Pikel hits you with a +2 whip of freezing.
Pikel freezes you.
Pikel hits you with a +2 whip of freezing.
* * * LOW HITPOINT WARNING * * *
Pikel freezes you.
* * * LOW HITPOINT WARNING * * *
Pikel attacks as he pursues you!
Pikel hits you with a +2 whip of freezing!
* * * LOW HITPOINT WARNING * * *
Pikel freezes you.
* * * LOW HITPOINT WARNING * * *
Pikel attacks as he pursues you! Pikel closely misses you.
Pikel attacks as he pursues you!
Pikel hits you with a +2 whip of freezing!
You die...
Pikel says, "Another soul for the market."

#.........###....##.
#...................
#............>......
#.#.............###.
#†#...........### ##
#.'............####.
###.5..........#..'.
#.K........#..#.##.
#.@........#..#.##.
#....#.....#..#....
#....#..##.#####...
#....#.............
#..........(.###...
#...####.....# #...
#######.......#####.
#...#####.....+.....
#...##........#.....


You could see Pikel (very poisoned) and a lemure.

Vanquished Creatures
  3 lemures
  A gnoll sergeant (D:4)
  2 scorpions (D:4)
  A bombardier beetle (D:4)
  Crazy Yiuf (D:2)
  Jessica (D:2)
  An orc wizard (D:4)
  Robin (D:2)
  3 gnolls (D:4)
  4 adders
  2 ufetubi (D:3)
  2 dart slugs
  2 ribbon worms
  7 orcs
  6 ball pythons
  4 bats
  An endoplasm (D:1)
  4 giant cockroaches
  7 goblins
  8 hobgoblins
  4 quokkas
  2 frilled lizards
  4 kobolds
  10 rats
81 creatures vanquished.

Vanquished Creatures (others)
  15 foxfires (D:4)
15 creatures vanquished.

Grand Total: 96 creatures vanquished

Notes
Turn   | Place    | Note
-------+----------+-------------------------------------------
     0 | D:1      | bobo the Gnoll Hunter began the quest for the Orb.
     0 | D:1      | Reached XP level 1. HP: 20/20 MP: 1/1
     5 | D:1      | You fall into a shaft and drop 1 floor!
    72 | D:2      | Noticed Robin
   114 | D:2      | Reached XP level 2. HP: 26/26 MP: 2/2
   278 | D:1      | Found Dusot's Vocational Training.
   477 | D:1      | Reached XP level 3. HP: 31/31 MP: 3/3
   575 | D:1      | Found Oseaf's Distillery.
   578 | D:1      | Bought a potion of degeneration for 13 gold pieces
   803 | D:1      | Reached skill level 1 in Invocations
   983 | D:2      | Noticed Jessica
   992 | D:2      | Killed Jessica
   993 | D:2      | Reached skill level 1 in Short Blades
   993 | D:2      | Reached skill level 1 in Long Blades
   993 | D:2      | Reached skill level 1 in Axes
   993 | D:2      | Reached skill level 1 in Maces & Flails
   993 | D:2      | Reached skill level 1 in Polearms
   993 | D:2      | Reached skill level 1 in Staves
   993 | D:2      | Reached skill level 1 in Throwing
   993 | D:2      | Reached skill level 1 in Armour
   993 | D:2      | Reached skill level 1 in Shields
   993 | D:2      | Reached skill level 1 in Unarmed Combat
   993 | D:2      | Reached skill level 1 in Spellcasting
   993 | D:2      | Reached skill level 1 in Evocations
   993 | D:2      | Reached skill level 1 in Shapeshifting
   993 | D:2      | Reached XP level 4. HP: 34/38 MP: 5/5
  1100 | D:2      | Killed Robin
  1101 | D:2      | Reached skill level 1 in Conjurations
  1101 | D:2      | Reached skill level 1 in Hexes
  1101 | D:2      | Reached skill level 1 in Summonings
  1101 | D:2      | Reached skill level 1 in Necromancy
  1101 | D:2      | Reached skill level 1 in Translocations
  1101 | D:2      | Reached skill level 1 in Fire Magic
  1101 | D:2      | Reached skill level 1 in Ice Magic
  1101 | D:2      | Reached skill level 1 in Air Magic
  1101 | D:2      | Reached skill level 1 in Earth Magic
  1101 | D:2      | Reached skill level 1 in Alchemy
  1429 | D:2      | Found a faded altar of an unknown god.
  1455 | D:2      | Prayed at the altar of an unknown god.
  1455 | D:2      | Became a worshipper of Ignis, the Dying Flame
  1554 | D:2      | Found a runed translucent door.
  1555 | D:2      | Noticed Crazy Yiuf
  1567 | D:2      | Killed Crazy Yiuf
  1570 | D:2      | Identified the +12 hammer of Purpose {flame, ^Drain rPois
                  | rN+++ Int+3}
  1662 | D:2      | Reached XP level 5. HP: 43/43 MP: 5/7
  2033 | D:3      | Found a sparkling altar of Nemelex Xobeh.
  2330 | D:3      | Found a hide-covered altar of Uskayaw.
  2460 | D:3      | Found a glowing golden altar of the Shining One.
  2551 | D:3      | Found a snail-covered altar of Cheibriados.
  2776 | D:4      | Reached XP level 6. HP: 10/50 MP: 8/8
  2786 | D:4      | Reached skill level 5 in Fighting
  2786 | D:4      | Reached skill level 5 in Dodging
  3043 | D:4      | Noticed Pikel
  3085 | D:3      | HP: 1/51 [lemure[Pikel] (8)]
  3615 | D:4      | Reached XP level 7. HP: 25/56 MP: 10/10
  3692 | D:4      | Slain by Pikel

Illustrated notes

Levels and vault maps discovered:
D:1:      dpeg_arrival_ratfight, layout_basic, serial_shops,
          nicolae_shop_behind_doors, nicolae_shop_vocational
D:2:      layout_basic, shapermc_ecumenical_altar_mp_highgroup, uniq_jessica,
          uniq_crazy_yiuf_cottage, uniq_robin
D:3:      layout_loops_ring, pf_just_have_faith, nemelex_diamond_rough_becter,
          nicolae_tso_swordbearing_angel, lemuel_tele_altar
D:4:      layout_basic, uniq_pikel

Skill      XL: |  1  2  3  4  5  6 |
---------------+-------------------+-----
Invocations    | 1 2 |  2.5
Short Blades   | 1 2 |  2.3
Long Blades    | 1 2 |  2.3
Axes           | 1 2 |  2.3
Maces & Flails | 1 2 |  2.3
Polearms       | 1 2 |  2.3
Staves         | 1 2 |  2.3
Throwing       | 1 2 |  2.3
Armour         | 1 2 |  2.3
Shields        | 1 2 |  2.3
Unarmed Combat | 1 2 |  2.3
Spellcasting   | 1 2 |  2.3
Evocations     | 1 2 |  2.3
Shapeshifting  | 1 2 |  2.1
Conjurations   | 1 |  1.9
Hexes          | 1 |  1.9
Summonings     | 1 |  1.9
Necromancy     | 1 |  1.9
Translocations | 1 |  1.9
Fire Magic     | 1 |  1.9
Ice Magic      | 1 |  1.9
Air Magic      | 1 |  1.9
Earth Magic    | 1 |  1.9
Alchemy        | 1 |  1.9
Stealth        | 3 |  3.3
Fighting       | 5 |  5.1
Dodging        | 5 |  5.1
Ranged Weapons | |  8.9

Action                     |  1- 3 |  4- 6 |  7- 9 || total
---------------------------+-------+-------+-------++-------
  Melee: Dagger            |       |    13 |     2 ||    15
         Quarterstaff      |       |    29 |       ||    29
         Shortbow          |       |     3 |       ||     3
         Bite              |       |     4 |       ||     4
   Fire: Shortbow          |   105 |   143 |     6 ||   254
 Invoke: Fiery Armour      |       |     1 |       ||     1
         Foxfire Swarm     |       |     1 |       ||     1
    Use: Scroll            |       |     2 |       ||     2
         Potion            |       |     6 |       ||     6
   Stab: Confused          |       |     1 |       ||     1
 Armour: Leather armour    |    11 |    65 |     5 ||    81
  Dodge: Dodged            |    22 |    79 |     1 ||   102

Table legend: (Time is in decaauts)
 A = Elapsed time spent in this place.
 B = Non-inter-level travel time spent in this place.
 C = Inter-level travel time spent in this place.
 D = Time resting spent in this place.
 E = Time spent auto-exploring this place.
 F = Levels seen in this place.
 G = Mean time per level.
                   A        B        C        D        E       F      G
               +--------+--------+--------+--------+--------+-----+--------+
         Total |   3698 |   3607 |     91 |    191 |   2759 |   4 |  924.5 |
       Dungeon |   3698 |   3607 |     91 |    191 |   2759 |   4 |  924.5 |
               +--------+--------+--------+--------+--------+-----+--------+

Top non-repeatable levels by time:
     D:2: 1253 daAuts
     D:3: 954 daAuts
     D:4: 759 daAuts
     D:1: 731 daAuts
